 Dungeon Crawl Stone Soup version 0.29-a0-234-g0dae59b3db (webtiles) character file.

Game seed: 10255742534698067412

1073 siradein the Grave Robber (level 8, -2/68 HPs)
             Began as a Deep Dwarf Necromancer on Mar 4, 2022.
             Slain by a two-headed ogre
             ... wielding a +0 giant club
              (11 damage)
             ... on level 6 of the Dungeon.
             The game lasted 00:24:15 (6069 turns).

siradein the Grave Robber (Deep Dwarf Necromancer)  Turns: 6069, Time: 00:24:16

Health: -2/68      AC: 14    Str: 11    XL:     8   Next: 7%
Magic:  0/14       EV: 11    Int: 19    God:
Gold:   244        SH:  5    Dex: 13    Spells: 3/15 levels left

rFire   . . .      SeeInvis .   d - +2 flail (vorpal)
rCold   . . .      Faith    .   (no shield)
rNeg    + . .      Spirit   .   c - +5 ring mail "Geuxohafi" {+Inv}
rPois   .          Reflect  +   s - +0 helmet
rElec   .          Harm     .   g - +2 cloak
rCorr   .          Rampage  .   (no gloves)
Will    ++...                   (no boots)
Stlth   +.........              m - amulet of reflection
HPRegen 0.00/turn               k - ring of willpower
MPRegen 0.14/turn               q - ring of positive energy

@: no status effects
A: damage resistance, heal wounds, sense surroundings 1, no regeneration
a: Heal Wounds, Evoke Invisibility


You were on level 6 of the Dungeon.
You visited 1 branch of the dungeon, and saw 6 of its levels.

You collected 244 gold pieces.

Inventory:

Hand Weapons
 d - a +2 vorpal flail (weapon)
Missiles
 o - a throwing net
Armour
 c - the +5 ring mail "Geuxohafi" (worn) {+Inv}
   (You found it on level 5 of the Dungeon)

   +Inv:      It lets you turn invisible.
 g - a +2 cloak (worn)
 s - a +0 helmet (worn)
Magical Staves
 w - a staff of air
Jewellery
 k - a ring of willpower (left hand)
 m - an amulet of reflection (around neck)
 q - a ring of positive energy (right hand)
 u - the amulet of the Crushed Ships {Spirit rElec rN+ Dex+4}
   (You took it off a gnoll on level 4 of the Dungeon)

   [amulet of guardian spirit]

   It causes incoming damage to be divided between your reserves of health and
   magic.
   Dex:       It affects your dexterity (+4).
   rElec:     It insulates you from electricity.
   rN:        It protects you from negative energy.
Wands
 t - a wand of digging (4)
Scrolls
 a - a scroll of magic mapping
 b - 3 scrolls of enchant armour
 e - a scroll of enchant weapon {unknown}
 f - a scroll of holy word {unknown}
 i - 2 scrolls of noise {unknown}
 p - a scroll of brand weapon {unknown}
 r - 2 scrolls of summoning
Potions
 h - a potion of heal wounds
 j - a potion of ambrosia
 l - a potion of haste
 n - a potion of magic
 v - a potion of curing


   Skills:
 + Level 2.6 Fighting
 + Level 0.6 Maces & Flails
 + Level 3.0 Armour
 + Level 4.2 Dodging
 - Level 2.4 Stealth
 + Level 4.2 Spellcasting
 + Level 1.4 Hexes
 + Level 6.7 Necromancy
 + Level 3.4 Evocations


You had 3 spell levels left.
You knew the following spells:

 Your Spells              Type           Power      Damage    Failure   Level
a - Pain                  Necr           100%       1d9       1%          1
b - Vampiric Draining     Necr           29%        2d8       6%          3
c - Animate Dead          Necr           14%        N/A       19%         4
d - Anguish               Hex/Necr       9%         N/A       50%         4

Your spell library contained the following spells:

 Spells                   Type           Power      Damage    Failure   Level
 Animate Skeleton         Necr           58%        N/A       1%          1
 Apportation              Tloc           8%         N/A       30%         1
 Beastly Appendage        Tmut           8%         N/A       30%         1
 Summon Small Mammal      Summ           16%        N/A       30%         1
 Wereblood                Tmut           4%         N/A       43%         2
 Tukima's Dance           Hex            9%         N/A       45%         3
 Portal Projectile        Hex/Tloc       12%        N/A       56%         3
 Call Canine Familiar     Summ           4%         N/A       67%         3
 Spider Form              Tmut/Pois      4%         N/A       67%         3
 Agony                    Necr           29%        N/A       47%         5
 Leda's Liquefaction      Hex/Erth       3%         N/A       92%         4
 Enfeeble                 Hex            4%         N/A       100%        7


Dungeon Overview and Level Annotations

Branches:
Dungeon (6/15)
 Temple: D:4-7

Altars:

Shops:
D:3 =   D:6 (


Innate Abilities, Weirdness & Mutations

You are resistant to damage.
You can heal yourself by infusing magical energy.
You passively map a small area around you.
You do not regenerate.


Message History

Press: ? - help, Shift-Dir - straight line, f/p - two-headed ogre
Aim: a two-headed ogre, wielding two +0 giant clubs (severely wounded)
You draw life force from the two-headed ogre!
You feel life coursing into your body!
The two-headed ogre hits you with a +0 giant club!!
* * * LOW HITPOINT WARNING * * *
The two-headed ogre hits you but does no damage.
The orc suddenly complains, as Orcs often do.
Casting: Vampiric Draining (dangerous; 6% risk of failure)
Confirm with . or Enter, or press ? or * to list all spells.
Aiming: Vampiric Draining (dangerous; 6% risk of failure)
Press: ? - help, Shift-Dir - straight line, f/p - two-headed ogre
Aim: a two-headed ogre, wielding two +0 giant clubs (severely wounded)
You draw life force from the two-headed ogre!
You feel life coursing into your body.
The two-headed ogre completely misses you.
The two-headed ogre hits you with a +0 giant club!
* * * LOW HITPOINT WARNING * * *
The orc shoots a sling bullet.
The sling bullet barely misses you.
There is an open door here.
Casting: Vampiric Draining (dangerous; 6% risk of failure)
Confirm with . or Enter, or press ? or * to list all spells.
Aiming: Vampiric Draining (dangerous; 6% risk of failure)
Press: ? - help, Shift-Dir - straight line, f/p - two-headed ogre
Aim: a two-headed ogre, wielding two +0 giant clubs (almost dead)
You draw life force from the two-headed ogre.
You feel life coursing into your body.
The two-headed ogre hits you with a +0 giant club!
* * * LOW HITPOINT WARNING * * *
The two-headed ogre closely misses you.
There is an open door here.
Casting: Vampiric Draining (dangerous; 6% risk of failure)
Confirm with . or Enter, or press ? or * to list all spells.
Aiming: Vampiric Draining (dangerous; 6% risk of failure)
Press: ? - help, Shift-Dir - straight line, f/p - two-headed ogre
Aim: a two-headed ogre, wielding two +0 giant clubs (severely wounded)
You draw life force from the two-headed ogre!
You feel life coursing into your body. You block the two-headed ogre's attack.
The two-headed ogre hits you with a +0 giant club!
You die...

#.# #.# #.# #O# *
#.# #.# #.# #.# ,,
#.# #o# #.#
#####W# , #.#
#...#.#
##.###..(#W####...
#.......@O........
######[..#......##
#####......#
########


You could see a two-headed ogre and a phantom.

Vanquished Creatures
  Eustachio (D:4)
  An orc warrior (D:6)
  An ice beast (D:6)
  2 ogres
  2 bullfrogs
  4 hounds
  An orc priest (D:4)
  2 orc wizards
  7 gnolls
  6 adders
  A shadow imp (D:6)
  2 ufetubi
  2 worms
  A dart slug (D:3)
  13 orcs
  6 ball pythons
  A bat (D:3)
  3 endoplasms
  2 giant cockroaches
  8 goblins
  13 hobgoblins
  3 jackals (D:3)
  7 kobolds
  2 quokkas
  2 frilled lizards (D:2)
  9 rats
102 creatures vanquished.

Notes
Turn   | Place    | Note
-------+----------+-------------------------------------------
     0 | D:1      | siradein the Deep Dwarf Necromancer began the quest for the
                  | Orb.
     0 | D:1      | Reached XP level 1. HP: 15/15 MP: 3/3
   762 | D:2      | Reached XP level 2. HP: 19/24 MP: 2/4
   993 | D:2      | Found a faded altar of an unknown god.
  1324 | D:2      | Reached XP level 3. HP: 14/30 MP: 1/6
  1328 | D:2      | Learned a level 3 spell: Vampiric Draining
  1537 | D:2      | Reached skill level 5 in Necromancy
  1996 | D:3      | Reached XP level 4. HP: 37/37 MP: 3/8
  2040 | D:3      | Found Poarph's Jewellery Emporium.
  2950 | D:4      | Reached XP level 5. HP: 43/43 MP: 2/9
  3175 | D:4      | Noticed Eustachio
  3385 | D:4      | Reached skill level 1 in Fighting
  3385 | D:4      | Reached skill level 6 in Necromancy
  3385 | D:4      | Reached skill level 1 in Evocations
  3773 | D:4      | Killed Eustachio
  3774 | D:4      | Reached skill level 1 in Armour
  3774 | D:4      | Reached XP level 6. HP: 41/51 MP: 1/11
  3891 | D:4      | Identified the amulet of the Crushed Ships {Spirit rElec
                  | rN+ Dex+4}
  4055 | D:4      | Learned a level 4 spell: Animate Dead
  4060 | D:4      | Learned a level 4 spell: Anguish
  4290 | D:4      | Reached XP level 7. HP: 45/58 MP: 0/12
  4841 | D:5      | Entered Level 5 of the Dungeon
  4848 | D:5      | Identified the +5 ring mail "Geuxohafi" {+Inv}
  5407 | D:6      | Reached skill level 1 in Hexes
  5500 | D:6      | Found Veff's Antique Weapon Emporium.
  5831 | D:6      | Reached XP level 8. HP: 63/68 MP: 1/14
  5981 | D:6      | Noticed a two-headed ogre
  6069 | D:6      | Slain by a two-headed ogre

Illustrated notes

Levels and vault maps discovered:
D:1:      saegor_arrival_simple_c, layout_loops_ring
D:2:      layout_loops_ring, chequers_ecumenical_altar_island,
          minmay_misc_feat_secret_circle, kennysheep_generic_room_7
D:3:      layout_basic, serial_shops, shop, interstate_on_off, minivault_23
D:4:      layout_gridville, minmay_goblin_outpost, uniq_eustachio
D:5:      layout_cave_pools
D:6:      layout_basic, serial_shops, nicolae_shop_stone, minivault_10,
          corexii_checkpoint_a

Skill      XL: |  1  2  3  4  5  6  7  8 |
---------------+-------------------------+-----
Spellcasting   | 2 3 4 |  4.2
Necromancy     | 5 6 |  6.7
Fighting       | 1 2 |  2.6
Evocations     | 1 2 3 |  3.4
Armour         | 1 2 3 |  3.0
Dodging        | 3 4 |  4.2
Hexes          | 1 |  1.4
Maces & Flails | |  0.6
Stealth        | |  2.4

Action                   |  1- 3 |  4- 6 |  7- 9 || total
-------------------------+-------+-------+-------++-------
Melee: Spear             |    65 |   152 |    42 ||   259
       Punch             |     2 |       |     1 ||     3
       Flail             |       |       |    49 ||    49
 Cast: Pain              |    41 |     5 |       ||    46
       Vampiric Draining |     7 |    34 |    34 ||    75
  Use: Scroll            |       |       |     8 ||     8
Armor: Robe              |    17 |    22 |       ||    39
       Leather armour    |       |    80 |     4 ||    84
       Ring mail         |       |       |    67 ||    67
Dodge: Dodged            |    45 |   151 |    51 ||   247
Block: Other             |       |    54 |    30 ||    84

Table legend: (Time is in decaauts)
 A = Elapsed time spent in this place.
 B = Non-inter-level travel time spent in this place.
 C = Inter-level travel time spent in this place.
 D = Time resting spent in this place.
 E = Time spent auto-exploring this place.
 F = Levels seen in this place.
 G = Mean time per level.
                   A        B        C        D        E       F      G
               +--------+--------+--------+--------+--------+-----+--------+
         Total |   6122 |   6013 |    109 |    670 |   3942 |   6 | 1020.3 |
       Dungeon |   6122 |   6013 |    109 |    670 |   3942 |   6 | 1020.3 |
               +--------+--------+--------+--------+--------+-----+--------+

Top non-repeatable levels by time:
     D:4: 1632 daAuts
     D:2: 1265 daAuts
     D:3: 1252 daAuts
     D:1: 746 daAuts
     D:6: 721 daAuts
     D:5: 503 daAuts
